 Dungeon Crawl Stone Soup version 0.30-a0-779-g7971cf19c3 (webtiles) character file.

Game seed: 11182498756650095780

24138 Monkooky the Thaumaturge (level 12, -5/91 HPs)
             Began as a Mummy Ice Elementalist on Feb 17, 2023.
             Was the Champion of Cheibriados.
             Shot with a bolt by a yaktaur (22 damage)
             ... on level 11 of the Dungeon.
             The game lasted 00:55:29 (14765 turns).

Monkooky the Thaumaturge (Mummy Ice Elementalist)  Turns: 14765, Time: 00:55:29

Health: -5/91      AC: 15    Str: 27    XL:     12   Next: 78%
Magic:  28/28      EV: 15    Int: 43    God:    Cheibriados [******]
Gold:   990        SH:  7    Dex: 27    Spells: 9/35 levels left

rFire   . . .      SeeInvis .    H - +6 trident of Insufficient Pleasure {flame, *Rage rC++ Int+4 Dex-3}
rCold   + + .      Faith    +    M - +0 buckler
rNeg    + + +      Spirit   .    p - +4 ring mail "Paddup" {Harm Int+5 Dex+3}
rPois   ∞          Reflect  .    (no helmet)
rElec   .          Harm     +    q - +1 cloak
rCorr   .          Rampage  .    (no gloves)
Will    +....                    (no boots)
Stlth   ++                       (no amulet)
HPRegen 0.35/turn                i - ring of fire
MPRegen 0.21/turn                x - +4 ring of protection

@: studying Shields, very slow
A: cold resistance 1, negative energy resistance 3, torment resistance 2, heat
vulnerability 1, in touch with death 1, no potions, faith
a: Renounce Religion, Bend Time, Temporal Distortion, Slouch, Step From Time


You were on level 11 of the Dungeon.
You worshipped Cheibriados.
Cheibriados was exalted by your worship.
You visited 3 branches of the dungeon, and saw 14 of its levels.
You also visited: Sewer.

You collected 1257 gold pieces.
You spent 267 gold pieces at shops.

Inventory:

Hand Weapons
 d - a +0 club
 h - a +0 dagger
 k - a +1 vampiric hand axe
 o - a +1 dagger of freezing
 s - a +1 rapier of venom
 A - a +2 vampiric hand axe
 C - the +7 flail of Havoc {heavy, rPois rF++ Will+ Str-2}
   (You bought it in a shop on level 6 of the Dungeon)

   Str:       It affects your strength (-2).
   rF:        It greatly protects you from fire.
   rPois:     It protects you from poison.
   Will:      It increases your willpower.
 D - a +2 heavy spear
 F - a +4 morningstar
 H - the +6 trident of Insufficient Pleasure (weapon) {flame, *Rage rC++ Int+4 Dex-3}
   (You found it on level 8 of the Dungeon)

   Int:       It affects your intelligence (+4).
   Dex:       It affects your dexterity (-3).
   rC:        It greatly protects you from cold.
   *Rage:     It berserks you when you make melee attacks (+20% chance).
Missiles
 c - 4 boomerangs of dispersal
 r - a curare-tipped dart
 E - 5 throwing nets
Armour
 a - a +0 robe
 p - the +4 ring mail "Paddup" (worn) {Harm Int+5 Dex+3}
   (You took it off a kobold on level 2 of the Dungeon)

   Int:       It affects your intelligence (+5).
   Dex:       It affects your dexterity (+3).
   Harm:      It increases damage dealt and taken.
 q - a +1 cloak (worn)
 M - a +0 buckler (worn)
Jewellery
 i - a ring of fire (left hand)
 m - a ring of see invisible
 t - a ring of ice
 x - a +4 ring of protection (right hand)
 z - an amulet of guardian spirit
Wands
 G - a wand of polymorph (3)
 I - a wand of flame (3)
 J - a wand of mindburst (5)
Scrolls
 b - a scroll of identify
 e - a scroll of torment
 f - 3 scrolls of blinking
 g - 13 scrolls of teleportation {unknown}
 j - 3 scrolls of fog
 l - a scroll of immolation
 n - 2 scrolls of silence
 u - 3 scrolls of amnesia
 v - a scroll of vulnerability
 w - 3 scrolls of summoning
 y - a scroll of brand weapon
 B - 3 scrolls of enchant armour
 K - a scroll of poison
Miscellaneous
 L - a lightning rod (4/4)
 N - a phial of floods


   Skills:
 - Level 7.1 Fighting
 - Level 5.5 Dodging
 - Level 1.5 Stealth
 + Level 5.3 Shields
 - Level 12.4 Spellcasting
 - Level 10.5 Necromancy
 - Level 6.0 Ice Magic
 - Level 10.0 Invocations


You had 9 spell levels left.
You knew the following spells:

 Your Spells              Type           Power      Damage    Failure   Level
a - Freeze                Ice            100%       1d10      1%          1
b - Frozen Ramparts       Ice            100%       1d16      1%          3
c - Ozocubu's Armour      Ice            68%        N/A       1%          3
d - Vampiric Draining     Necr           100%       2d13      1%          3
e - Dispel Undead         Necr           100%       3d31      1%          4
f - Blink                 Tloc           52%        N/A       3%          2
g - Lesser Beckoning      Tloc           52%        N/A       3%          2
h - Cigotuvi's Dreadful   Necr/Pois/Air  100%       N/A       1%          2
i - Death Channel         Necr           54%        N/A       4%          6

Your spell library contained the following spells:

 Spells                   Type           Power      Damage    Failure   Level
 Necrotise                Necr           100%       1d9       1%          1
 Agony                    Necr           100%       N/A       1%          5
 Apportation              Tloc           52%        N/A       2%          1
 Summon Small Mammal      Summ           100%       N/A       2%          1
 Momentum Strike          Conj/Tloc      52%        3d9       3%          2
 Call Canine Familiar     Summ           26%        N/A       6%          3
 Ignite Poison            Fire/Tmut/Pois 40%        N/A       6%          3
 Summon Guardian Golem    Hex/Summ       26%        N/A       6%          3
 Summon Ice Beast         Ice/Summ       51%        N/A       6%          4
 Sticky Flame             Conj/Fire      40%        2d6       22%         4
 Yara's Violent Unravell  Hex/Tmut       13%        3d7       52%         5
 Enfeeble                 Hex            13%        N/A       100%        7
 Ignition                 Fire           20%        3d7       100%        8


Dungeon Overview and Level Annotations

Branches:
Dungeon (11/15)            Temple (1/1) D:4             Orc (2/2) D:11
    Elf (0/3) Orc:2         Sewer (visited)
   Lair: D:8-11

Altars:
Ashenzari
Cheibriados
Dithmenos
Fedhas
Gozag
Hepliaklqana
Kikubaaqudgha
Makhleb
Nemelex Xobeh
Okawaru
Qazlal
Ru
Sif Muna
Trog
Uskayaw
Vehumet
Wu Jian
Xom
Yredelemnul

Shops:
D:5 (   D:6 (!!*   Orc:1 (([((   Orc:2 *(!(

Annotations:
Orc:2 1 runed translucent door, lunkers's ghost, journeyman MeFi


Innate Abilities, Weirdness & Mutations

You are immune to poison.
Your flesh is cold resistant. (rC+)
You are immune to negative energy. (rN+++)
You are immune to unholy pain and torment.
You are vulnerable to heat. (rF-)
You are in touch with the powers of death.
You do not drink.
You have a special connection with the divine. (Faith)


Message History

You block the yaktaur's attack.
You barely miss the yaktaur.
The yaktaur is severely wounded.
You block the yaktaur's attack. The yaktaur hits you.
You puncture the yaktaur! You burn the yaktaur.
You kill the yaktaur!
Cheibriados thoroughly appreciates the change of pace.
There is an open door here.
You start resting.
HP restored.
A yaktaur comes into view.
A yaktaur comes into view. It is wielding a staff of air.
The yaktaur moves out of view.
The yaktaur shouts!
The yaktaur wields a +0 arbalest.
The yaktaur shoots a bolt.
The bolt barely misses you.
Casting: Lesser Beckoning (safe; 3% risk of failure)
Confirm with . or Enter, or press ? or * to list all spells.
You can't see any susceptible monsters within range! (Use Z to cast anyway.) Unknown command.
The yaktaur shoots a bolt.
The bolt hits you!
Casting: Lesser Beckoning (safe; 3% risk of failure)
Confirm with . or Enter, or press ? or * to list all spells.
Okay, then.
The yaktaur shoots a bolt.
The bolt closely misses you.
The yaktaur shoots a bolt.
The bolt hits you!
There is an open door here.
You start resting.
HP restored.
There is an open door here.
A minotaur comes into view. It is quivering silver javelins.
The yaktaur shoots a bolt.
The bolt hits you!
The minotaur bellows!
The minotaur throws a silver javelin.
The silver javelin pierces through you!!
The minotaur throws a silver javelin.
The silver javelin pierces through you!
* * * LOW HITPOINT WARNING * * *
x2 The yaktaur wields a +0 arbalest.
The yaktaur shoots a bolt.
The bolt hits you!!
You die...

... #.......≈.....#
##''###.≈.....≈≈....#
#.......≈###..)≈....#
#...H..≈≈#.#...≈....#
#..c≈≈≈≈.#.#..c≈....#
#...≈≈≈≈.#.#..≈≈....#
#..≈≈≈≈..#'#.≈≈.....#
#.≈≈≈≈≈......≈......#
..c≈≈≈≈≈...@.≈......#
.≈≈≈≈≈≈.≈....≈......#
≈≈≈..≈≈≈≈...≈≈......#
≈......≈≈≈.≈≈......[#
..###....≈.≈........#
. #.....≈≈...###..#
#..........#.#..# ...
#..........'.#..#
...#+#..........#.#..#


You could see a minotaur and a yaktaur.

Vanquished Creatures
  A hydra (D:8)
  4 two-headed ogres
  An orc high priest (Orc:2)
  An orc knight (Orc:2)
  Pikel (D:8)
  5 orc sorcerers (Orc:2)
  2 cyclopes
  Maurice (D:8)
  5 yaktaurs (D:11)
  2 trolls
  2 hornets
  Prince Ribbit (D:6)
  2 dream sheep (D:8)
  Sigmund (D:5)
  3 shadows
  Eustachio (D:3)
  A wyvern (D:8)
  26 yaks
  A water elemental (D:11)
  Grum (D:8)
  3 steam dragons
  2 acid dragons
  2 water moccasins (D:7)
  21 orc warriors
  2 ice beasts
  2 black bears
  12 ogres
  3 wolves (D:8)
  A centaur (D:6)
  3 lemures (D:8)
  6 kobold brigands
  7 bullfrogs
  2 gnoll sergeants
  3 scorpions
  7 wights
  14 killer bees
  3 electric eels (D:11)
  4 hounds
  3 jellies (D:4)
  21 orc priests
  A gnoll bouda (D:7)
  3 iguanas
  23 orc wizards
  9 adders
  38 gnolls
  7 river rats (Sewer)
  3 white imps
  2 worms
  3 dart slugs
  76 orcs
  15 ball pythons
  6 bats
  21 endoplasms
  9 giant cockroaches
  8 goblins
  6 hobgoblins
  2 jackals (D:2)
  8 quokkas
  6 frilled lizards
  58 kobolds
  27 rats
514 creatures vanquished.

Vanquished Creatures (collateral kills)
  A killer bee (D:8)
  An orc priest (D:10)
  An orc (D:10)
3 creatures vanquished.

Vanquished Creatures (others)
  3 fungi (D:4)
  12 toadstools (D:4)
15 creatures vanquished.

Grand Total: 532 creatures vanquished

Notes
Turn   | Place    | Note
-------+----------+-------------------------------------------
     0 | D:1      | Monkooky the Mummy Ice Elementalist began the quest for the
                  | Orb.
     0 | D:1      | Reached XP level 1. HP: 13/13 MP: 4/4
   128 | D:1      | Reached skill level 3 in Spellcasting
   149 | D:1      | Reached XP level 2. HP: 15/19 MP: 0/6
   687 | D:1      | Gained mutation: You are in touch with the powers of death.
                  | [Mummy growth]
   687 | D:1      | Reached XP level 3. HP: 19/24 MP: 5/8
   791 | D:1      | Learned a level 3 spell: Frozen Ramparts
   819 | D:1      | Learned a level 3 spell: Ozocubu's Armour
  1339 | D:2      | Reached skill level 4 in Spellcasting
  1716 | D:2      | Identified the +4 ring mail "Paddup" {Harm Int+5 Dex+3}
  2022 | D:2      | Learned a level 3 spell: Vampiric Draining
  2258 | D:3      | Reached XP level 4. HP: 30/30 MP: 6/10
  2627 | D:3      | Noticed a black bear
  2634 | D:3      | Killed a black bear
  2635 | D:3      | Reached XP level 5. HP: 35/35 MP: 1/11
  2818 | D:3      | Reached skill level 5 in Ice Magic
  2839 | D:3      | Found a faded altar of an unknown god.
  3295 | D:3      | Reached XP level 6. HP: 23/41 MP: 4/12
  3920 | D:3      | Reached skill level 1 in Necromancy
  4170 | D:4      | Noticed Eustachio
  4199 | D:3      | Killed Eustachio
  4200 | D:3      | Reached XP level 7. HP: 46/46 MP: 6/13
  4380 | D:4      | Found a burning altar of Makhleb.
  4434 | D:4      | Found a staircase to the Ecumenical Temple.
  4484 | D:5      | Entered Level 5 of the Dungeon
  4484 | D:5      | Found Joah's Weapon Shoppe.
  4544 | Temple   | Entered the Ecumenical Temple
  4596 | Temple   | Became a worshipper of Cheibriados the Contemplative
  4717 | D:4      | Learned a level 4 spell: Dispel Undead
  4930 | D:4      | Reached * piety under Cheibriados
  5043 | D:4      | Reached skill level 5 in Spellcasting
  5148 | D:4      | Reached ** piety under Cheibriados
  5425 | D:5      | Reached skill level 5 in Necromancy
  5512 | D:5      | Reached skill level 6 in Spellcasting
  5512 | D:5      | Reached XP level 8. HP: 30/52 MP: 8/17
  5684 | D:5      | Noticed Sigmund
  5700 | D:5      | Killed Sigmund
  5864 | D:5      | Found an ancient bone altar of Kikubaaqudgha.
  5883 | D:5      | Reached skill level 7 in Spellcasting
  6172 | D:5      | Learned a level 2 spell: Blink
  6546 | D:6      | Reached skill level 1 in Invocations
  6584 | D:6      | Reached *** piety under Cheibriados
  6661 | D:6      | Found a sacrificial altar of Ru.
  6746 | D:6      | Reached XP level 9. HP: 45/57 MP: 10/20
  6766 | D:6      | Found a glowing drain.
  6774 | Sewer    | Entered a sewer
  6840 | Sewer    | Reached skill level 5 in Invocations
  6924 | Sewer    | Reached **** piety under Cheibriados
  7145 | Sewer    | Reached ***** piety under Cheibriados
  7314 | D:6      | Noticed Prince Ribbit
  7320 | D:6      | Killed Prince Ribbit
  7358 | D:6      | Found Ofieputi's Distillery.
  7358 | D:6      | Found Zoezit's Antique Weapon Shoppe.
  7362 | D:6      | Found Paucizit's General Store.
  7363 | D:6      | Found Zowuurol's Distillery.
  7389 | D:6      | Bought a scroll of enchant armour for 82 gold pieces
  7397 | D:6      | Bought a smoking flail for 161 gold pieces
  7397 | D:6      | Identified the +7 flail of Havoc {heavy, rPois rF++ Will+
                  | Str-2} (You bought it in a shop on level 6 of the Dungeon)
  7405 | D:6      | Learned a level 2 spell: Lesser Beckoning
  7561 | D:6      | Reached skill level 1 in Fighting
  7994 | D:6      | Found an ornate altar of the Wu Jian Council.
  8111 | D:7      | Reached skill level 8 in Spellcasting
  8115 | D:7      | Reached XP level 10. HP: 72/72 MP: 11/22
  8254 | D:7      | Noticed a two-headed ogre
  8261 | D:7      | Killed a two-headed ogre
  8440 | D:7      | Found a basalt altar of Yredelemnul.
  8442 | D:7      | Found a radiant altar of Vehumet.
  8554 | D:7      | Found a bloodstained altar of Trog.
  8578 | D:7      | Noticed a cyclops
  8596 | D:7      | Killed a cyclops
  8597 | D:7      | Reached skill level 9 in Spellcasting
  9060 | D:8      | Noticed Grum
  9066 | D:8      | Killed Grum
  9095 | D:8      | Noticed Maurice
  9101 | D:8      | Killed Maurice
  9102 | D:8      | Reached skill level 10 in Necromancy
  9181 | D:8      | Identified the +6 trident of Insufficient Pleasure {flame,
                  | *Rage rC++ Int+4 Dex-3}
  9203 | D:8      | Noticed a two-headed ogre
  9209 | D:8      | Learned a level 2 spell: Cigotuvi's Dreadful Rot
  9209 | D:8      | Killed a two-headed ogre
  9210 | D:8      | Reached skill level 10 in Spellcasting
  9217 | D:8      | Learned a level 6 spell: Death Channel
  9229 | D:8      | Reached ****** piety under Cheibriados
  9348 | D:8      | Reached XP level 11. HP: 77/77 MP: 15/25
  9359 | D:8      | Noticed Pikel
  9527 | D:8      | Killed Pikel
 10054 | D:8      | Noticed a three-headed hydra
 10058 | D:8      | Killed a three-headed hydra
 10059 | D:8      | Reached skill level 5 in Dodging
 10666 | D:9      | Found a broken altar of Ashenzari.
 10732 | D:9      | Noticed a two-headed ogre
 10740 | D:9      | Killed a two-headed ogre
 11265 | D:10     | Entered Level 10 of the Dungeon
 11716 | D:11     | Found a staircase to the Orcish Mines.
 11825 | Orc:1    | Entered Level 1 of the Orcish Mines
 11831 | Orc:1    | Reached XP level 12. HP: 83/83 MP: 18/26
 11894 | Orc:1    | Found Zagruitz's Antique Weapon Shop.
 11996 | Orc:1    | Found Axza Due's Antique Armour Shop.
 12009 | Orc:1    | Reached skill level 10 in Invocations
 12082 | Orc:1    | Found Nonuj's Weapon Shop.
 12146 | Orc:2    | Entered Level 2 of the Orcish Mines
 12146 | Orc:2    | Found a staircase to the Elven Halls.
 12174 | Orc:1    | Found Kofonal's Firing Range.
 12204 | Orc:1    | Found Piets's Weapon Shop.
 12296 | Orc:2    | Reached skill level 5 in Fighting
 12540 | Orc:2    | Noticed lunkers's ghost (journeyman MeFi)
 12566 | Orc:2    | Found a runed translucent door.
 12764 | Orc:2    | Noticed a two-headed ogre
 12773 | Orc:2    | Killed a two-headed ogre
 12774 | Orc:2    | Reached skill level 11 in Spellcasting
 12869 | Orc:2    | Found Illiad's Assorted Antiques.
 12869 | Orc:2    | Found Gudoas's Antique Weapon Boutique.
 12870 | Orc:2    | Found Dimnetza's Weapon Shop.
 12875 | Orc:2    | Found Topnekh's Distillery.
 12878 | Orc:2    | Bought a scroll labelled KID DURASHROQE for 24 gold pieces
 12912 | Orc:2    | Noticed an orc high priest
 12928 | Orc:2    | Killed an orc high priest
 13025 | Orc:2    | Reached skill level 12 in Spellcasting
 13947 | D:11     | Reached skill level 1 in Shields
 14285 | D:11     | Noticed a death yak
 14286 | D:11     | Noticed a death yak
 14287 | D:11     | Reached skill level 5 in Shields
 14764 | D:11     | Noticed a minotaur
 14765 | D:11     | Shot with a bolt by a yaktaur

Illustrated notes

Levels and vault maps discovered:
D:1:      wheals_arrival_linesprint, layout_loops_ring
D:2:      layout_loops_corners
D:3:      minmay_goblin_kobold_castle, layout_basic,
          nicolae_ecumenical_oubliette
D:4:      cheibrodos_fertilizer, layout_cave_pools, bloody_makhleb, temple_hall,
          grunt_ministairs_14, kennysheep_generic_room_4, uniq_eustachio
D:5:      layout_loops_ring, general_overflow_altar, nicolae_stop_n_shop_2,
          skrybe_limestone_x, minmay_crystal_water, supply_closet_lemuel,
          uniq_sigmund
D:6:      layout_basic, nicolae_ru_awakened_eye, nicolae_wu_jian_glorious_leap,
          gup_sewer_entry_pipe, minmay_shop_grid_forest, uniq_prince_ribbit1
D:7:      layout_loops_ring, grunt_temple_overflow_open, trog_book,
          minmay_manual_mandibuliform
D:8:      layout_loops_ring, serial_glass, glass_columns_a, glass_columns_a,
          glass_columns_b, glass_columns_b, glass_columns_b, glass_columns_c,
          glass_columns_a, glass_columns_a, glass_columns_c, glass_columns_c,
          item_on_display_a, minmay_strange_pillars, feat_on_display,
          hangedman_ranch, uniq_maurice, uniq_pikel, uniq_grum
D:9:      layout_basic, nicolae_ashenzari_panopticon,
          hangedman_abyss_or_decor_clamps, nicolae_straight_to_the_point
D:10:     layout_roguey
D:11:     fort_yaktaur, layout_cave_pools, lair_entry_dummy, orc_0_dummy,
          serial_co_window_serial, co_window_paths_a, co_window_cross_1,
          co_window_of_opportunity_a, co_window_cross_1, co_window_paths_a,
          co_window_cross_1, co_window_paths_a, co_window_of_opportunity_b,
          co_window_paths_c, co_window_broadway_a, co_window_paths_c,
          co_window_4corner_b, glass_columns_b, glass_columns_b,
          glass_columns_b, glass_columns_b, glass_columns_a
Temple:   eino_temple_lava
Orc:1:    layout_diamond_mine, serial_shops, shop_fountains,
          nicolae_lakefront_shop, shop, shop, nicolae_shop_firing_range
Orc:2:    st_orc_mages, layout_caves, hellmonk_ghost_happy_afterlife,
          basic_altar, minmay_orc_temple_b

Skill      XL: |  1  2  3  4  5  6  7  8  9 10 11 12 |
---------------+-------------------------------------+-----
Spellcasting   | 3 4 6 7 8 10 12 | 12.4
Ice Magic      | 4 5 6 |  6.0
Necromancy     | 3 5 6 7 10 | 10.5
Invocations    | 4 6 9 10 | 10.0
Fighting       | 4 7 |  7.1
Dodging        | 2 5 |  5.5
Shields        | 5 |  5.3
Stealth        | |  1.5

Action                     |  1- 3 |  4- 6 |  7- 9 | 10-12 || total
---------------------------+-------+-------+-------+-------++-------
  Melee: Unarmed           |    10 |       |       |       ||    10
         Dagger            |    12 |       |       |       ||    12
         Club              |     2 |       |       |       ||     2
         Hand axe          |    16 |   105 |   264 |    26 ||   411
         Punch             |       |     2 |     7 |     4 ||    13
         Trident           |       |       |       |   258 ||   258
  Throw: Dart              |       |       |       |     1 ||     1
   Cast: Freeze            |    49 |     9 |     1 |       ||    59
         Frozen Ramparts   |     7 |    21 |    45 |    50 ||   123
         Ozocubu's Armour  |       |     3 |    20 |    34 ||    57
         Vampiric Draining |       |       |    16 |    32 ||    48
         Lesser Beckoning  |       |       |     1 |    16 ||    17
         Dispel Undead     |       |       |       |     9 ||     9
         Death Channel     |       |       |       |     3 ||     3
 Invoke: Temporal Distorti |       |       |     2 |     2 ||     4
         Slouch            |       |       |       |     4 ||     4
  Evoke: Wand              |       |       |       |     3 ||     3
    Use: Scroll            |       |       |    11 |     1 ||    12
   Stab: Sleeping          |     5 |     1 |       |     2 ||     8
 Armour: Robe              |    15 |       |       |       ||    15
         Ring mail         |     6 |    79 |   222 |   159 ||   466
  Dodge: Dodged            |    56 |    68 |   218 |   281 ||   623
  Block: Buckler           |       |       |       |    15 ||    15

Table legend: (Time is in decaauts)
 A = Elapsed time spent in this place.
 B = Non-inter-level travel time spent in this place.
 C = Inter-level travel time spent in this place.
 D = Time resting spent in this place.
 E = Time spent auto-exploring this place.
 F = Levels seen in this place.
 G = Mean time per level.
                   A        B        C        D        E       F      G
               +--------+--------+--------+--------+--------+-----+--------+
         Total |  19868 |  18503 |   1365 |   1219 |  12945 |  15 | 1324.5 |
       Dungeon |  16111 |  14913 |   1198 |   1056 |  10830 |  11 | 1464.6 |
        Temple |     62 |     62 |      0 |      0 |      0 |   1 |   62.0 |
  Orcish Mines |   3035 |   2869 |    166 |    137 |   1816 |   2 | 1517.5 |
         Sewer |    658 |    658 |      0 |     26 |    298 |   1 |  658.0 |
               +--------+--------+--------+--------+--------+-----+--------+

Top non-repeatable levels by time:
   Orc:2: 2149 daAuts
     D:3: 2030 daAuts
     D:6: 1781 daAuts
     D:7: 1713 daAuts
     D:9: 1712 daAuts
     D:8: 1674 daAuts
     D:5: 1532 daAuts
    D:11: 1399 daAuts
     D:4: 1244 daAuts
     D:1: 1194 daAuts
     D:2: 1121 daAuts
   Orc:1: 886 daAuts
    D:10: 707 daAuts
   Sewer: 658 daAuts
  Temple: 62 daAuts
